 Dungeon Crawl Stone Soup version 0.19.5 (webtiles) character file.

25 McKennaii the Skirmisher (level 2, -3/24 HPs)
             Began as a Demonspawn Abyssal Knight on Apr 25, 2017.
             Was a Follower of Lugonu.
             Slain by a goblin
             ... wielding a +0 club
             ... led by Robin
              (4 damage)
             ... on level 2 of the Dungeon.
             The game lasted 00:01:34 (625 turns).

McKennaii the Skirmisher (Demonspawn Abyssal Knight) Turns: 625, Time: 00:01:34

Health: -3/24      AC:  3    Str: 12    XL:     2   Next: 82%
Magic:  4/4        EV: 11    Int: 13    God:    Lugonu [*.....]
Gold:   43         SH:  0    Dex: 12    Spells: 0 memorised, 1 level left

rFire  . . .     SeeInvis .     a - +1 falchion
rCold  . . .     Gourm    .     b - +0 leather armour
rNeg   . . .     Faith    .     (no shield)
rPois  .         Spirit   .     (no helmet)
rElec  .         Reflect  .     (no cloak)
rCorr  .         Harm     .     (no gloves)
MR     .....                    (no boots)
Stlth  +.........               (no amulet)
                                (no ring)
                                (no ring)

@: no status effects
A: hooves 1
a: Depart the Abyss, Renounce Religion


You were on level 2 of the Dungeon.
You worshipped Lugonu.
Lugonu was aware of your devotion.
You were not hungry.

You visited 1 branch of the dungeon, and saw 2 of its levels.
You visited the Abyss 1 time.

You collected 43 gold pieces.

Inventory:

Hand Weapons
 a - a +1 falchion (weapon)
Armour
 b - a +0 leather armour (worn)
Scrolls
 d - 2 scrolls of recharging {unknown}
 e - a scroll of identify {unknown}
 f - a scroll of remove curse {unknown}
 g - a scroll of immolation {unknown}
 h - 2 scrolls of teleportation {unknown}
 k - 2 scrolls of noise {unknown}
 l - 2 scrolls of blinking {unknown}
Potions
 i - a potion of heal wounds {unknown}
Comestibles
 c - 2 bread rations
 j - a beef jerky


   Skills:
 + Level 3.5 Fighting
 + Level 2.1 Long Blades
 + Level 2.0 Armour
 + Level 1.1 Dodging
 + Level 2.7 Invocations


You had one spell level left.
You didn't know any spells.

Dungeon Overview and Level Annotations

Branches:
Dungeon (2/15)

Altars:
Nemelex Xobeh

Annotations:
D:2 Robin


Innate Abilities, Weirdness & Mutations

You have large cloven feet.


Message History

You are too injured to fight recklessly!
A gnoll comes into view.
The gnoll shouts!
Robin roars a battlecry!
The goblins go into a battle-frenzy!
The goblin hits you.
* * * LOW HITPOINT WARNING * * *
A gnoll comes into view.
You see here a stone.
There is a stone staircase leading up here.
You barely miss the hobgoblin.
The hobgoblin no longer looks unusually strong.
The hobgoblin hits you.
* * * LOW HITPOINT WARNING * * *
You closely miss the goblin. You kick the goblin, but do no damage.
The goblin no longer looks unusually strong. x2
The goblin closely misses you. The hobgoblin hits you.
* * * LOW HITPOINT WARNING * * *
You barely miss the goblin. The goblin hits you with a club.
You die...

#.# .## ... ####.### ..# ..
#.....>. #.# ##.# #.##.##. #.#
#.. ######.##.##. ...
##.###...##....##. #.#
#.....###.#..####. #.#
###g.#....†....# #.
#.####gg@......##........
########.gg.gg#.#...#.##.#.##...
........#######.....#......# ##
#######.# ###..#...#....
###g#### ...#####..### #.gg.)g#
#..... ...# #.#g##(# #...###
##.# #.#g# # #...# .


l.g You could see a hobgoblin and 6 goblins.

Vanquished Creatures
  A dart slug (D:1)
  A leopard gecko (D:1)
  A bat (D:1)
  2 giant cockroaches (D:1)
  4 goblins
  4 hobgoblins
  A frilled lizard (D:1)
  3 kobolds (D:1)
  3 rats
20 creatures vanquished.

Notes
Turn   | Place    | Note
-------+----------+-------------------------------------------
     0 | Abyss:1  | McKennaii the Demonspawn Abyssal Knight began the quest for the Orb.
     0 | Abyss:1  | Reached XP level 1. HP: 18/18 MP: 2/2
    29 | Abyss:1  | Found a corrupted altar of Lugonu.
    64 | Abyss:1  | Noticed an ancient zyme
    68 | Abyss:1  | Noticed a neqoxec
    75 | D:1      | Escaped the Abyss
   199 | D:1      | Found a sparkling altar of Nemelex Xobeh.
   229 | D:1      | Reached skill level 1 in Dodging
   229 | D:1      | Gained mutation: You have large cloven feet. [demonic ancestry]
   229 | D:1      | Reached XP level 2. HP: 16/24 MP: 3/3
   612 | D:2      | Noticed Robin
   624 | D:2      | HP: 1/24 [hobgoblin[Robin] (1)]
   625 | D:2      | Slain by a goblin

Skill      XL: |  1  2 |
---------------+-------+-----
Armour         | 2 |  2.0
Dodging        | 1 |  1.1
Long Blades    | 2 |  2.1
Fighting       | |  3.5
Invocations    | |  2.7

Action                   || total
-------------------------++-------
Melee: Falchion          ||    55
       Kick              ||     8
Armor: Leather armour    ||    14
Dodge: Dodged            ||    39
       Rpst.: Falchion   ||    10
